Map: Goldenaura LE

Players

ONSYDESolar (Solar)

  • Race: Zerg Zerg
  • Spawn Location: 5:00

LiquidClem (Clem) - Winner!

  • Race: Terran Terran
  • League: Master
  • Spawn Location: 12:00

VOD

Have the link to the VOD?

Description

Time

  • Played on: Dec. 11, 2023, 7:52 a.m.
  • Length: 9:10
Show
View Real Time Build Order
Export as new Build Order

ONSYDESolar Zerg 

Build Orders: Hatch First 

Get SALT Encoding   

  12  0:00  Drone  
  13  0:12  Overlord  
  13  0:17  Drone  
  14  0:31  Drone x2  
  16  0:47  Hatchery  
  15  0:51  Drone  
  15  0:54  Drone  
  17  0:57  Drone  
  18  1:08  Extractor  
  17  1:13  Spawning Pool  
  17  1:16  Drone  
  17  1:19  Drone  
  18  1:28  Drone  
  19  1:39  Drone  
  20  1:50  Drone  
  21  1:59  Queen  
  21  2:00  Zergling x2, Queen  
  21  2:01  Zergling x2  
  27  2:11  Overlord  
  27  2:12  Drone  
  28  2:22  Hatchery  
  27  2:24  Drone  
  28  2:30  Drone  
  28  2:35  Queen  
  31  2:39  Drone  
  32  2:44  Metabolic Boost  
  32  2:47  Overlord  
  32  2:52  Drone  
  32  2:53  Drone  
  32  2:55  Drone  
  35  2:59  Drone  
  36  3:08  Drone x2  
  36  3:10  Drone x3  
  41  3:14  Queen  
  41  3:18  Overlord  
  43  3:20  Drone  
  44  3:33  Queen  
  46  3:38  Queen  
  48  3:42  Drone x5  
  48  3:44  Overlord  
  53  3:48  Drone x3  
  53  3:50  Drone  
  53  3:53  Drone  
  53  3:55  Overlord  
  58  4:00  Overlord  
  58  4:04  Drone x3  
  58  4:08  Drone  
  62  4:16  Queen x2  
  66  4:18  Overlord  
  66  4:20  Drone x2  
  66  4:21  Drone x4  
  72  4:24  Zergling x2  
  72  4:25  Zergling x4  
  72  4:29  Overlord  
  74  4:34  Overlord  
  74  4:36  Drone, Lair  
  74  4:37  Spore Crawler  
  74  4:38  Drone  
  74  4:41  Drone  
  74  4:42  Spore Crawler  
  75  4:48  Drone x6  
  75  4:52  Spore Crawler  
  80  4:54  Extractor  
  80  4:58  Extractor  
  78  5:01  Queen  
  78  5:02  Overlord, Hatchery  
  78  5:05  Drone x2  
  81  5:08  Drone x4  
  81  5:10  Drone  
  81  5:13  Zergling x4  
  87  5:18  Drone x2  
  87  5:21  Drone  
  90  5:22  Baneling Nest  
  90  5:25  Drone  
  90  5:26  Extractor  
  90  5:27  Extractor  
  88  5:29  Drone x4, Evolution Chamber  
  88  5:30  Drone  
  88  5:31  Zergling x4  
  88  5:34  Overseer  
  88  5:35  Overlord, Evolution Chamber  
  93  5:37  Drone x3  
  93  5:41  Overlord  
  97  5:42  Zergling x2  
  97  5:53  Drone x3  
  97  5:54  Overlord  
  100  6:00  Drone x4  
  100  6:01  Drone x3  
  107  6:07  Drone x2  
  107  6:11  Zerg Melee Weapons Level 1, Zerg Ground Armor Level 1  
  107  6:12  Centrifugal Hooks  
  107  6:14  Zergling x10, Queen  
  107  6:15  Hydralisk Den  
  114  6:18  Zergling x2, Extractor  
  114  6:21  Overlord  
  114  6:24  Spore Crawler  
  112  6:28  Zergling x4  
  112  6:32  Overlord  
  114  6:33  Zergling x12  
  114  6:37  Hatchery  
  114  6:38  Baneling x12  
  119  6:40  Zergling x4  
  119  6:44  Zergling x4  
  119  6:46  Drone x3  
  126  6:47  Overlord  
  126  6:51  Grooved Spines  
  126  6:52  Zergling x6  
  129  6:55  Baneling x2  
  129  6:57  Hydralisk x2  
  129  6:59  Drone  
  134  7:02  Zergling x16  
  134  7:05  Overlord  
  134  7:08  Zergling x2  
  143  7:13  Hydralisk x3  
  149  7:16  Baneling x8  
  149  7:19  Zergling x2  
  149  7:20  Zergling x2  
  151  7:23  Overlord  
  151  7:24  Zergling x8  
  155  7:31  Queen  
  155  7:33  Zergling x16  
  158  7:48  Zergling x16  
  143  7:53  Hydralisk x2  
  143  7:56  Hydralisk x3  
  134  7:59  Baneling x8  
  134  8:01  Hydralisk x4  
  134  8:04  Hydralisk  
  139  8:09  Zergling x6  
  138  8:13  Zergling x2  
  138  8:17  Zergling x8  
  143  8:22  Zergling x2  
  143  8:26  Zergling x6, Extractor  
  144  8:30  Zergling x14  
  144  8:36  Zergling x4  
  144  8:40  Zergling x8  
  149  8:45  Zergling x8  
  151  8:54  Baneling x3  
Show
View Real Time Build Order
Export as new Build Order

LiquidClem Terran - Winner!

Build Orders: Reaper Expand, Hellion Banshee 

Get SALT Encoding   

  12  0:00  SCV  
  13  0:13  SCV  
  14  0:17  Supply Depot  
  14  0:25  SCV  
  15  0:38  SCV  
  15  0:40  Barracks  
  16  0:43  Refinery  
  16  0:50  SCV  
  17  1:02  SCV  
  18  1:15  SCV  
  19  1:27  Reaper, Orbital Command  
  20  1:39  Command Center  
  20  1:48  Supply Depot  
  20  1:54  SCV  
  21  1:59  Marine  
  22  2:06  SCV  
  23  2:12  Factory  
  23  2:18  SCV  
  23  2:21  Barracks Reactor  
  24  2:30  SCV  
  25  2:39  Command Center  
  25  2:46  SCV  
  26  2:51  Orbital Command  
  26  2:58  SCV  
  27  3:02  Starport  
  27  3:05  Refinery  
  27  3:10  SCV  
  27  3:12  Hellion  
  30  3:17  Hellion  
  30  3:19  SCV  
  33  3:22  SCV  
  33  3:24  Barracks Tech Lab  
  34  3:31  SCV  
  34  3:33  Hellion  
  37  3:37  SCV  
  37  3:39  Hellion  
  40  3:43  SCV  
  40  3:46  Banshee  
  44  3:49  SCV, Marine  
  44  3:52  Orbital Command  
  46  3:56  Cloaking Field  
  46  3:58  SCV  
  46  4:01  SCV  
  48  4:03  Hellion  
  48  4:08  Hellion  
  52  4:10  Supply Depot  
  52  4:11  Barracks Tech Lab  
  52  4:12  SCV  
  52  4:14  SCV  
  54  4:19  SCV  
  54  4:24  SCV  
  56  4:26  SCV  
  56  4:30  Banshee  
  56  4:31  SCV  
  61  4:36  SCV  
  61  4:37  Barracks  
  61  4:38  SCV  
  63  4:39  Marine  
  63  4:41  Factory Reactor  
  63  4:42  Barracks, Supply Depot  
  63  4:43  SCV  
  65  4:47  Stimpack  
  65  4:48  SCV  
  65  4:50  SCV  
  67  4:54  Refinery  
  67  4:55  SCV  
  67  4:56  Engineering Bay  
  67  4:59  Engineering Bay  
  68  5:00  SCV  
  68  5:03  SCV, Marine  
  68  5:05  Supply Depot  
  71  5:07  SCV  
  71  5:12  Refinery, SCV  
  73  5:15  SCV, Supply Depot  
  75  5:22  Barracks  
  75  5:23  Barracks  
  75  5:25  Starport Reactor, Terran Infantry Weapons Level 1  
  75  5:27  SCV  
  75  5:29  Terran Infantry Armor Level 1  
  75  5:30  SCV  
  75  5:31  Orbital Command  
  75  5:35  Marine x2  
  76  5:36  Marine  
  76  5:37  Supply Depot  
  76  5:39  SCV  
  76  5:40  Marine  
  76  5:41  Siege Tank, Marine  
  85  5:44  SCV  
  86  5:51  SCV  
  86  5:53  Marine  
  86  5:54  Supply Depot, Marine  
  86  5:56  SCV x2  
  91  5:59  Marine x3  
  91  6:02  Supply Depot  
  91  6:03  SCV  
  95  6:05  Medivac  
  95  6:07  Medivac  
  95  6:08  SCV  
  95  6:09  SCV  
  95  6:11  Marine  
  100  6:12  Barracks Reactor, Supply Depot  
  100  6:13  Barracks Reactor  
  100  6:16  SCV  
  100  6:18  Marine x4  
  103  6:20  SCV  
  103  6:23  Siege Tank  
  103  6:24  Supply Depot  
  110  6:26  SCV  
  110  6:28  SCV  
  110  6:29  Marine  
  110  6:30  Combat Shield, Supply Depot  
  113  6:33  Refinery  
  113  6:36  Marine x2  
  113  6:37  Marine x2  
  113  6:38  SCV  
  113  6:39  Supply Depot  
  119  6:40  SCV  
  119  6:41  SCV  
  119  6:46  Marine  
  121  6:51  SCV  
  121  6:52  Marine x2  
  121  6:53  Marine  
  125  6:55  Factory  
  125  6:56  Siege Tank  
  130  7:02  Marine x4  
  130  7:03  Marine  
  130  7:04  Marine  
  130  7:07  Supply Depot, Medivac  
  136  7:09  Command Center  
  136  7:14  Supply Depot  
  136  7:15  Refinery, Marine  
  137  7:16  Supply Depot  
  137  7:19  Marine x2  
  137  7:20  Marine  
  140  7:25  Marine x3, Medivac  
  140  7:26  Marine  
  146  7:30  Marine  
  146  7:31  Armory  
  146  7:33  Siege Tank  
  146  7:34  Marine  
  146  7:36  Supply Depot  
  146  7:37  Marine x2  
  151  7:38  Medivac  
  151  7:41  Marine  
  156  7:48  Marine  
  156  7:51  Marine  
  139  7:53  Factory Reactor, Marine x3  
  139  7:54  Marine x2  
  139  7:55  Medivac  
  139  7:57  Marine  
  145  8:00  Marine  
  144  8:06  Marine  
  144  8:08  Medivac  
  144  8:09  Marine  
  144  8:11  Marine x4  
  144  8:12  Marine  
  151  8:14  Widow Mine, Barracks  
  151  8:15  Marine  
  151  8:17  Barracks  
  151  8:18  Marine  
  156  8:24  Marine  
  156  8:25  Medivac  
  156  8:26  Marine  
  160  8:29  Marine x4  
  160  8:30  Marine  
  160  8:33  Widow Mine, Marine  
  162  8:36  Marine  
  162  8:38  Medivac  
  162  8:39  Widow Mine  
  166  8:42  Marine  
  166  8:44  Marine  
  166  8:46  Marine  
  166  8:47  Marine  
  166  8:48  Widow Mine  
  172  8:49  Marine x2  
Tags
 
Add a new tag
Caveats
  • Supply blocks, unpowered buildings, or Contaminate may cause inaccurate times.
  • Supply counts are checked every 10 seconds.